 Dungeon Crawl Stone Soup version 0.29-a0-838-g385bb11a5b (webtiles) character file.

Game seed: 14507594244058464102

307 RevDB the Ruffian (level 6, -2/51 HPs)
             Began as a Draconian Transmuter on July 12, 2022.
             Was an Initiate of Sif Muna.
             Killed from afar by an orc wizard (8 damage)
             ... with a magic dart
             ... on level 4 of the Dungeon on July 13, 2022.
             The game lasted 00:24:58 (2603 turns).

RevDB the Ruffian (Draconian Transmuter)            Turns: 2603, Time: 00:24:59

Health: -2/51      AC:  7    Str: 20    XL:     6   Next: 16%
Magic:  9/9        EV: 16    Int: 13    God:    Sif Muna [......]
Gold:   273        SH:  0    Dex: 12    Spells: 6/9 levels left

rFire   . . .      SeeInvis .     - Unarmed
rCold   . . .      Faith    .   (no shield)
rNeg    . . .      Spirit   .   (body armour unavailable)
rPois   .          Reflect  .   (helmet restricted)
rElec   .          Harm     .   k - +0 cloak
rCorr   .          Rampage  .   (no gloves)
Will    .....                   (no boots)
Stlth   +.........              (no amulet)
HPRegen 0.17/turn               u - +4 ring of evasion
MPRegen 0.11/turn               o - +6 ring of strength

@: no status effects
A: AC +6, unfitting armour, cold-blooded
a: Renounce Religion


You were on level 4 of the Dungeon.
You worshipped Sif Muna.
Sif Muna was noncommittal.
You visited 2 branches of the dungeon, and saw 5 of its levels.

You collected 273 gold pieces.

Inventory:

Missiles
 r - a throwing net
Armour
 k - a +0 cloak (worn)
Magical Staves
 f - a staff of poison
Jewellery
 j - a ring of magical power
 o - a +6 ring of strength (right hand)
 u - a +4 ring of evasion (left hand)
Wands
 n - a wand of iceblast (10)
Scrolls
 c - a scroll of torment {unknown}
 e - a scroll of immolation {unknown}
 g - 2 scrolls of identify {unknown}
 h - a scroll of noise {unknown}
 l - 2 scrolls of teleportation {unknown}
 m - a scroll of amnesia {unknown}
 q - a scroll of blinking {unknown}
Potions
 a - a potion of lignification
 b - 3 potions of curing {unknown}
 d - a potion of invisibility {unknown}
 i - a potion of heal wounds {unknown}
 p - a potion of mutation {unknown}
 s - a potion of haste {unknown}
 v - a potion of degeneration {unknown}


   Skills:
 + Level 3.6 Fighting
 - Level 3.0 Dodging
 - Level 5.0 Unarmed Combat
 - Level 2.0 Spellcasting
 - Level 3.0 Transmutations


You had 6 spell levels left.
You knew the following spells:

 Your Spells              Type           Power      Damage    Failure   Level
a - Beastly Appendage     Tmut           18%        N/A       8%          1
b - Wereblood             Tmut           9%         N/A       11%         2

Your spell library contained the following spells:

 Spells                   Type           Power      Damage    Failure   Level
 Spider Form              Tmut/Pois      5%         N/A       38%         3
 Ice Form                 Ice/Tmut       5%         N/A       80%         4


Dungeon Overview and Level Annotations

Branches:
Dungeon (4/15)             Temple (1/1) D:4

Altars:
Ashenzari
Dithmenos
Elyvilon
Makhleb
Nemelex Xobeh
Okawaru
Qazlal
Ru
Sif Muna
Uskayaw
Wu Jian
Xom
Yredelemnul
Zin
The Shining One


Innate Abilities, Weirdness & Mutations

Your plain brown scales are hard. (AC +6)
You cannot fit into any form of body armour.
You are cold-blooded and may be slowed by cold attacks.


Message History

You hit something but do no damage.
Your tail-slap misses something.
You punch something.
You hear some strange, mumbled words.
You are confused.
Something hits you but does no damage.
You barely miss something. Something hits you but does no damage.
You hear some strange, mumbled words.
A puff of flame appears from out of thin air!
The puff of flame misses you.
You bump into the rock wall.
You bump into the rock wall.
You howl as the wereblood boils in your veins!
Your primal bloodlust has ended.
Something hits you but does no damage.
You completely miss something.
You bump into the rock wall.
You feel less confused. Something hits you but does no damage.
You barely miss something.
You hear some strange, mumbled words.
Something tries to affect you, but you resist.
You punch something! Sif Muna accepts your kill.
Reactivating autopickup.
You feel a bit more experienced.
Deactivating autopickup; reactivate with Ctrl-A.
You barely miss something. Your punch misses something.
You hear some strange, mumbled words.
A puff of flame appears from out of thin air!
The puff of flame hits you.
* * * LOW HITPOINT WARNING * * *
You closely miss something. Something hits you but does no damage.
You miss something.
You hear some strange, mumbled words.
Something tries to affect you, but you resist.
You barely miss something.
Your tail-slap misses something.
You hear some strange, mumbled words.
A magic dart appears from out of thin air!
The magic dart hits you!
You die...

##....... ##
#..>..... ##.
##........ ###..
##......... ##..##
#..!....... ##..##
#)........ ##..##
#.###..)......
###.###
#......##########..##
#..####..{@....##..##
# ########))..##
###..# ##)# #.# #.#
#.. #.. ##..


There were no monsters in sight!

Vanquished Creatures
  Crazy Yiuf (D:2)
  Terence (D:2)
  3 orc wizards (D:4)
  4 adders
  6 gnolls (D:3)
  3 dart slugs
  3 orcs (D:4)
  8 ball pythons
  2 bats (D:3)
  4 endoplasms
  2 giant cockroaches
  9 hobgoblins
  8 jackals (D:3)
  4 quokkas
  5 frilled lizards
  6 goblins
  6 kobolds
  4 rats
79 creatures vanquished.

Notes
Turn   | Place    | Note
-------+----------+-------------------------------------------
     0 | D:1      | RevDB the Draconian Transmuter began the quest for the Orb.
     0 | D:1      | Reached XP level 1. HP: 16/16 MP: 3/3
    29 | D:1      | Found a faded altar of an unknown god.
   269 | D:1      | Reached XP level 2. HP: 24/24 MP: 3/5
   275 | D:1      | Learned a level 2 spell: Wereblood
   894 | D:2      | Found a shadowy altar of Dithmenos.
   959 | D:2      | Reached XP level 3. HP: 17/29 MP: 2/6
   974 | D:2      | Reached skill level 4 in Unarmed Combat
  1056 | D:2      | Noticed Terence
  1063 | D:2      | Killed Terence
  1064 | D:2      | Reached XP level 4. HP: 35/36 MP: 5/7
  1102 | D:2      | Found a runed translucent door.
  1103 | D:2      | Noticed Crazy Yiuf
  1117 | D:2      | Killed Crazy Yiuf
  1712 | D:3      | Found a white marble altar of Elyvilon.
  1762 | D:3      | Reached XP level 5. HP: 37/45 MP: 8/8
  2239 | D:4      | Upgraded the game from 0.29-a0-834-g1e95ca9f62 to
                  | 0.29-a0-838-g385bb11a5b
  2312 | D:4      | Found a staircase to the Ecumenical Temple.
  2332 | D:4      | Reached skill level 5 in Unarmed Combat
  2332 | D:4      | Reached XP level 6. HP: 32/51 MP: 9/9
  2335 | Temple   | Entered the Ecumenical Temple
  2465 | Temple   | Became a worshipper of Sif Muna the Loreminder
  2603 | D:4      | Killed from afar by an orc wizard

Illustrated notes

Levels and vault maps discovered:
D:1:      dpeg_arrival_stonehenge_8_columns, layout_loops_corners,
          hellmonk_ecumenical_altar_run_dry, hangedman_decor_growths
D:2:      layout_basic, basic_altar, skrybe_limestone_x, uniq_terence,
          uniq_crazy_yiuf_cottage
D:3:      layout_rooms, elyvilon_altar_1
D:4:      layout_cave_pods, mainiacjoe_overflow_tiny_flanked,
          minmay_temple_entry_arrows
Temple:   dshaligram_water_room_temple

Skill      XL: |  1  2  3  4  5 |
---------------+----------------+-----
Dodging        | 2 3 |  3.0
Fighting       | 2 3 |  3.6
Unarmed Combat | 4 5 |  5.0
Transmutations | 3 |  3.0
Spellcasting   | |  2.0

Action                   |  1- 3 |  4- 6 || total
-------------------------+-------+-------++-------
Melee: Unarmed           |    83 |   127 ||   210
       Headbutt          |    12 |     8 ||    20
       Kick              |    18 |    20 ||    38
       Tailslap          |     5 |    12 ||    17
       Punch             |     1 |     4 ||     5
Throw: Throwing net      |       |     1 ||     1
 Cast: Beastly Appendage |    24 |    18 ||    42
       Wereblood         |     2 |     5 ||     7
Armor: Skin              |    18 |    45 ||    63
Dodge: Dodged            |    40 |    60 ||   100

Table legend: (Time is in decaauts)
 A = Elapsed time spent in this place.
 B = Non-inter-level travel time spent in this place.
 C = Inter-level travel time spent in this place.
 D = Time resting spent in this place.
 E = Time spent auto-exploring this place.
 F = Levels seen in this place.
 G = Mean time per level.
                   A        B        C        D        E       F      G
               +--------+--------+--------+--------+--------+-----+--------+
         Total |   2590 |   2526 |     64 |      0 |    640 |   5 |  518.0 |
       Dungeon |   2450 |   2386 |     64 |      0 |    640 |   4 |  612.5 |
        Temple |    139 |    139 |      0 |      0 |      0 |   1 |  139.0 |
               +--------+--------+--------+--------+--------+-----+--------+

Top non-repeatable levels by time:
     D:1: 883 daAuts
     D:2: 751 daAuts
     D:3: 590 daAuts
     D:4: 225 daAuts
  Temple: 139 daAuts
